 Dungeon Crawl Stone Soup version 0.20.1-4-g4af34eaf8e (webtiles) character file.

103 Alfie the Shooter (level 4, -3/37 HPs)
             Began as a Minotaur Hunter on Mar 2, 2020.
             Slain by an ice beast (14 damage)
             ... on level 3 of the Dungeon.
             The game lasted 00:05:42 (2161 turns).

Alfie the Shooter (Minotaur Hunter)                 Turns: 2161, Time: 00:05:43

Health: -3/37      AC:  3    Str: 17    XL:     4   Next: 51%
Magic:  3/3        EV: 12    Int:  8    God:
Gold:   173        SH:  0    Dex: 11    Spells: 3/3 levels left

rFire    . . .     SeeInvis .   b - +0 short sword
rCold    . . .     Gourm    .   (no shield)
rNeg     . . .     Faith    .   c - +0 leather armour
rPois    .         Spirit   .   (helmet restricted)
rElec    .         Reflect  .   (no cloak)
rCorr    .         Harm     .   (no gloves)
MR       .....                  (no boots)
Stlth    +.........             (no amulet)
Regen    0.2/turn               (no ring)
MPRegen  0.1/turn               (no ring)

@: no status effects
A: retaliatory headbutt, horns 2
a: no special abilities


You were on level 3 of the Dungeon.
You were not hungry.

You visited 1 branch of the dungeon, and saw 3 of its levels.

You collected 173 gold pieces.

Inventory:

Hand Weapons
 a - a +1 shortbow
 b - a +0 short sword (weapon)
Missiles
 d - 14 arrows
Armour
 c - a +0 leather armour (worn)
Wands
 n - a wand of flame (20/48)
Scrolls
 e - 4 scrolls of identify
 j - a scroll of teleportation
 l - a scroll of fear {unknown}
 m - a scroll of magic mapping
 o - a scroll of immolation {unknown}
Potions
 g - 2 potions of curing {unknown}
 i - 2 potions of lignification
 k - 2 potions of heal wounds {unknown}
 p - a potion of haste {unknown}
Comestibles
 f - 3 bread rations
 h - 4 fruits


   Skills:
 + Level 2.8 Fighting
 + Level 0.9 Short Blades
 + Level 6.0 Bows
 + Level 1.2 Armour
 + Level 2.3 Dodging
 + Level 0.8 Stealth


You had 3 spell levels left.
You didn't know any spells.

Dungeon Overview and Level Annotations

Branches:
Dungeon (3/15)

Altars:

Annotations:
D:3 Alfie's ghost, amateur HuHu


Innate Abilities, Weirdness & Mutations

You reflexively headbutt those who attack you in melee.
You have a pair of horns on your head.


Message History

The ooze quivers.
You headbutt Alfie's ghost.
Alfie's ghost is lightly damaged.
Alfie's ghost hits you!
An ice beast comes into view.
You closely miss Alfie's ghost.
Alfie's ghost is lightly damaged.
Alfie's ghost hits you.
You barely miss Alfie's ghost.
Alfie's ghost is lightly damaged.
Alfie's ghost hits you but does no damage.
You hit Alfie's ghost.
Alfie's ghost is moderately damaged.
Alfie's ghost hits you.
You hit the ice beast but do no damage. You headbutt the ice beast.
The ice beast is lightly wounded.
The ice beast hits you.
* * * LOW HITPOINT WARNING * * *
The ice beast freezes you!
You die...

##########.........##.#######....
######.........##.# ###.#
#..............##.# #..
#..........######.# ##.
#......(...#......# #)
############.###### ## ###[†.#
### #...#.# #########.. #.#@#.#
#.......... #.#Y#.#**#..........
****#,#W.....#..........
*,,,,,.J.....#..........
*,*,,........#..........
*,*,.........####.#.####
*,*..........# #.#.# #
*,#..........# #.#.# #
*,#####(((...# #.#.# #


You could see an ice beast, Alfie's ghost and an ooze.

Vanquished Creatures
  3 adders
  An ooze (D:2)
  3 worms
  2 dart slugs (D:2)
  2 leopard geckos
  4 orcs (D:3)
  A ball python (D:3)
  A giant cockroach (D:2)
  5 goblins
  7 hobgoblins
  2 jackals (D:3)
  6 kobolds
  2 quokkas (D:3)
  6 bats
  6 frilled lizards
  2 rats (D:1)
53 creatures vanquished.

Notes
Turn   | Place    | Note
-------+----------+-------------------------------------------
     0 | D:1      | Alfie the Minotaur Hunter began the quest for the Orb.
     0 | D:1      | Reached XP level 1. HP: 18/18 MP: 0/0
   193 | D:1      | Reached XP level 2. HP: 24/25 MP: 1/1
   597 | D:1      | Reached skill level 5 in Bows
   901 | D:2      | Reached XP level 3. HP: 24/30 MP: 2/2
  1601 | D:3      | Reached skill level 1 in Armour
  1609 | D:3      | Reached XP level 4. HP: 31/37 MP: 3/3
  2129 | D:3      | Reached skill level 6 in Bows
  2147 | D:3      | Noticed Alfie's ghost (amateur HuHu)
  2157 | D:3      | Noticed an ice beast
  2161 | D:3      | Slain by an ice beast

Skill      XL: |  1  2  3  4 |
---------------+-------------+-----
Bows           | 5 6 |  6.0
Armour         | 1 |  1.2
Fighting       | |  2.8
Short Blades   | |  0.9
Dodging        | |  2.3
Stealth        | |  0.8

Action                   |  1- 3 |  4- 6 || total
-------------------------+-------+-------++-------
Melee: Short sword       |    23 |    19 ||    42
       Headbutt          |     3 |     4 ||     7
 Fire: Shortbow          |    60 |    46 ||   106
  Use: Scroll            |     6 |       ||     6
  Eat: Royal jelly       |     1 |     1 ||     2
Armor: Leather armour    |     7 |     7 ||    14
Dodge: Dodged            |    23 |    15 ||    38
